 Dungeon Crawl Stone Soup version 0.16-a0-922-gae79c9c (webtiles) character file.

35 JacquesDerrida the Insei (level 3, 24/26 HPs)
             Began as a Demonspawn Transmuter on Sept 30, 2014.
             Quit the game on Level 2 of the Dungeon.
             The game lasted 00:03:06 (1724 turns).

JacquesDerrida the Insei (Demonspawn Transmuter)    Turns: 1724, Time: 00:03:06

HP  24/26        AC  2     Str 10      XL: 3   Next: 17%
MP   6/6         EV 12     Int 14      God:
Gold 85          SH  0     Dex 14      Spells:  1 memorised,  5 levels left

rFire  . . .     SeeInvis .       - Unarmed
rCold  . . .     Clarity  .     c - +0 robe
rNeg   + . .     rCorr    .     (no shield)
rPois  .         rRot     +     (no helmet)
rElec  .         Spirit   .     (no cloak)
SustAb .         Warding  +     (no gloves)
rMut   .         Stasis   .     (no boots)
Gourm  .                        n - amulet of warding
MR     .....                    (no ring)
                                (no ring)

@: not resistant to hostile enchantments, very unstealthy
A: rot immunity
a: no special abilities


You were on level 2 of the Dungeon.
You were near starving.

You visited 1 branch of the dungeon, and saw 3 of its levels.

You collected 85 gold pieces.

Inventory:

Missiles
 b - 12 arrows
 l - 7 curare-tipped needles
Armour
 c - a +0 robe (worn)
Comestibles
 a - 3 bread rations
 m - a royal jelly
Scrolls
 e - a scroll of enchant armour {unknown}
 f - 2 scrolls of identify {unknown}
 g - 2 scrolls of fear {unknown}
 i - 3 scrolls of teleportation {unknown}
 j - 2 scrolls of recharging {unknown}
 o - a scroll of fog {unknown}
 q - a scroll of remove curse {unknown}
 r - a scroll of blinking {unknown}
Jewellery
 n - an amulet of warding (around neck)
Potions
 h - 3 potions of restore abilities {unknown}
 k - a potion of poison {unknown}
 p - a potion of flight {unknown}
Books
 d - a book of Changes

   Spells                             Type                      Level
   *Beastly Appendage                 Transmutation                1
   Sticks to Snakes                   Transmutation                2
   Spider Form                        Transmutation/Poison         3
   Ice Form                           Ice/Transmutation            4
   Blade Hands                        Transmutation                5


   Skills:
 - Level 1.0 Fighting
 - Level 1.7 Dodging
 + Level 3.9 Unarmed Combat
 - Level 2.0 Spellcasting
 - Level 1.7 Transmutations


You had 5 spell levels left.
You knew the following spells:

 Your Spells              Type           Power        Failure   Level  Hunger
a - Beastly Appendage     Trmt           #.....       14%         1    ##.....


Dungeon Overview and Level Annotations

Branches:
Dungeon (3/15)

Altars:
Makhleb


Innate Abilities, Weirdness & Mutations

You are immune to rotting.


Message History

You climb downwards.
A quokka comes into view.
Found 9 gold pieces.
There is a stone staircase leading up here.
The quokka misses you.
You hit the quokka but do no damage. The quokka bites you.
You closely miss the quokka. The quokka barely misses you.
You hit the quokka. Your punch misses the quokka.
The quokka is heavily wounded.
The quokka closely misses you.
You closely miss the quokka.
The quokka is heavily wounded.
The quokka barely misses you.
You hit the quokka.
You kill the quokka!
No target in view!
There is a stone staircase leading up here.
You climb upwards.
There is a stone staircase leading down here.
Are you sure you want to abandon this character and quit the game? (Confirm with "yes".)

#.# #.......# ##.## #.####
#.......# #.# #....# ####...##
#.# ####.# ###.# ##'## #.# #.#
##...# # ####.# #[## ##..... ##
##.##.# #..## ##......
.####...#.#########...####.......
.'..)......%.)..@........'.......
.####.........#####...####.......
## #..##.###.# ##..## ##...... #
#.........# #....# ##.....
#.###.##..# #..#.# ##...# #.#
#.##..# ##..#.# ##'## #.# #.##..#
#...#.# #.# #.###.##..###..##.#
#.# #.................# ##.##


There were no monsters in sight!

Vanquished Creatures
  4 bats (D:1)
  A giant cockroach (D:2)
  7 goblins
  7 hobgoblins
  2 jackals (D:1)
  4 kobolds (D:1)
  2 quokkas
  2 ball pythons
  2 giant newts (D:1)
  A rat (D:2)
32 creatures vanquished.

Notes
Turn   | Place    | Note
--------------------------------------------------------------
     0 | D:1      | JacquesDerrida, the Demonspawn Transmuter, began the quest for the Orb.
     0 | D:1      | Reached XP level 1. HP: 15/15 MP: 3/3
   111 | D:1      | Reached skill level 3 in Unarmed Combat
   242 | D:1      | Gained mutation: You are immune to rotting. [demonic ancestry]
   242 | D:1      | Reached XP level 2. HP: 16/21 MP: 2/4
  1276 | D:2      | Reached XP level 3. HP: 19/26 MP: 6/6
  1625 | D:2      | Found a burning altar of Makhleb.
  1724 | D:2      | Quit the game

Action                   || total
-------------------------++-------
Melee: Unarmed           ||   125
 Cast: Beastly Appendage ||    13
  Eat: Chunk             ||     1
